 Dungeon Crawl Stone Soup version 0.27-a0-1280-g9d2d252d84 (webtiles) character file.

Game seed: 4257753767750006321

917 Glokmah the Poker (level 7, -13/57 HPs)
             Began as a Pale Draconian Wanderer on June 13, 2021.
             Was an Initiate of Nemelex Xobeh.
             Mangled by a two-headed ogre (21 damage)
             ... on level 4 of the Dungeon.
             The game lasted 00:10:13 (5037 turns).

Glokmah the Poker (Pale Draconian Wanderer)         Turns: 5037, Time: 00:10:13

Health: -13/57     AC:  6    Str: 14    XL:     7   Next: 83%
Magic:  10/10      EV: 12    Int: 12    God:    Nemelex Xobeh [......]
Gold:   112        SH:  0    Dex: 13    Spells: 8/10 levels left

rFire    . . .     SeeInvis .   b - +4 dagger
rCold    . . .     Faith    .   (no shield)
rNeg     . . .     Spirit   .   (armour unavailable)
rPois    .         Reflect  .   (helmet restricted)
rElec    .         Harm     .   (no cloak)
rCorr    .         Rampage  .   (no gloves)
Will     .....                  (no boots)
Stlth    ++........             (no amulet)
HPRegen  0.19/turn              (no ring)
MPRegen  0.12/turn              (no ring)

@: about to teleport
A: breathe steam, AC +6, unfitting armour, cold-blooded, steam resistance
a: Breathe Steam, Renounce Religion, Draw Escape, Draw Destruction, Draw
Summoning


You were on level 4 of the Dungeon.
You worshipped Nemelex Xobeh.
Nemelex Xobeh was noncommittal.
You visited 1 branch of the dungeon, and saw 4 of its levels.

You collected 112 gold pieces.

Inventory:

Hand Weapons
 a - a +3 spear of flaming
 b - a +4 dagger (weapon)
Missiles
 l - 16 poisoned darts
 o - 100 stones
Magical Staves
 k - a staff of cold
Scrolls
 d - a scroll of enchant weapon
 e - 2 scrolls of amnesia
 g - 2 scrolls of teleportation
 h - a scroll of acquirement
 j - a scroll of magic mapping
Potions
 f - a potion of haste {unknown}
 i - 4 potions of might
 m - a potion of flight
 n - a potion of cancellation {unknown}
 p - 3 potions of curing
 q - a potion of brilliance {unknown}
Miscellaneous
 c - a piece from Xom's chessboard (3/15) (quivered)


   Skills:
 + Level 3.4 Fighting
 - Level 2.0 Long Blades
 * Level 6.2 Polearms
 - Level 1.0 Throwing
 + Level 2.6 Dodging
 - Level 2.7 Stealth
 - Level 2.0 Spellcasting
 - Level 3.0 Translocations
 * Level 1.2 Invocations
 + Level 3.7 Evocations


You had 8 spell levels left.
You knew the following spells:

 Your Spells              Type           Power      Damage    Failure   Level
a - Blink                 Tloc           N/A        N/A       12%         2

Your spell library contained the following spells:

 Spells                   Type           Power      Damage    Failure   Level
 Magic Dart               Conj           4%         1d3       26%         1
 Call Imp                 Summ           1%         N/A       38%         2
 Slow                     Hex            1%         N/A       38%         2
 Conjure Flame            Conj/Fire      1%         6-21      63%         3
 Mephitic Cloud           Conj/Pois/Air  1%         N/A       63%         3


Dungeon Overview and Level Annotations

Branches:
Dungeon (4/15)
 Temple: D:4-7

Altars:
Nemelex Xobeh

Shops:
D:3 *=!*


Innate Abilities, Weirdness & Mutations

You can breathe blasts of scalding, opaque steam.
Your pale cyan-grey scales are hard. (AC +6)
You cannot fit into any form of body armour.
You are cold-blooded and may be slowed by cold attacks.
You are immune to the effects of steam.


Message History

The jelly is severely wounded.
You hit the jelly. You burn the jelly.
Your hands burn!
The jelly is almost dead.
The jelly misses you.
You hit the jelly. You burn the jelly.
You kill the jelly!
You are no longer corroded.
You feel your willpower return.
You see here a giant cockroach corpse.
A two-headed ogre is nearby!
You make a move on Xom's chessboard...
The two-headed ogre shouts in stereo!
The two-headed ogre resists with some effort.
You make a move on Xom's chessboard...
The two-headed ogre is moving more slowly.
Your +3 spear of flaming stops flaming.
b - a +4 dagger (weapon)
The two-headed ogre stops moving altogether!
The helpless two-headed ogre fails to defend itself.
You puncture the two-headed ogre!
The two-headed ogre is lightly wounded.
The helpless two-headed ogre fails to defend itself.
You puncture the two-headed ogre!
The two-headed ogre is moderately wounded.
The two-headed ogre is no longer petrified.
The two-headed ogre hits you with a +0 giant club!!
The two-headed ogre barely misses you.
Okay, then.
You make a move on Xom's chessboard...
The two-headed ogre resists with some effort.
The two-headed ogre hits you with a +0 giant club!
The two-headed ogre hits you with a +0 dire flail!
* * * LOW HITPOINT WARNING * * *
Unknown command.
Okay, then.
As you read the scroll of teleportation, it crumbles to dust.
You feel strangely unstable.
The two-headed ogre hits you with a +0 giant club!!
You die...
Your body disappears without a glow.

#...## #.# ###### ##...#
#.###....## #...# #.#.......#####
#...## #...###........ ##...#
######..##.##....... #...##
##...#..##...##......
##...###......##^._..##.....
#...#.>....O##.^.....##....
#####.........@##.^.^....^##...
###..###.........#...#####...#...
#.....##.........##.'#.#.#'.##...
.<.....#..........###..#..###)...
.....).)..............###........
.[...).####................).....
........# #......................
........###..........(.#.........
.........##............##.#......


You could see a two-headed ogre.

Vanquished Creatures
  Sigmund (D:2)
  An orc warrior (D:4)
  An ogre (D:4)
  A centaur (D:4)
  A phantom (D:3)
  A scorpion (D:4)
  A hound (D:2)
  2 jellies (D:4)
  Terence (D:2)
  An orc wizard (D:3)
  Robin (D:3)
  7 gnolls
  4 adders
  A worm (D:2)
  3 dart slugs
  6 orcs
  12 ball pythons
  5 endoplasms
  A giant cockroach (D:4)
  20 goblins
  14 hobgoblins
  7 jackals
  A quokka (D:3)
  9 bats
  5 frilled lizards
  3 kobolds (D:2)
  8 rats
118 creatures vanquished.

Vanquished Creatures (others)
  2 plants (D:1)
2 creatures vanquished.

Grand Total: 120 creatures vanquished

Notes
Turn   | Place    | Note
-------+----------+-------------------------------------------
     0 | D:1      | Glokmah the Draconian Wanderer began the quest for the Orb.
     0 | D:1      | Glokmah set off with the following items: a +2 spear, a
                  | scroll of teleportation, a piece from Xom's chessboard
                  | (15/15), a +0 dagger
     0 | D:1      | Reached XP level 1. HP: 14/14 MP: 1/1
   197 | D:1      | Reached XP level 2. HP: 22/22 MP: 2/2
   331 | D:1      | Reached skill level 1 in Fighting
   477 | D:1      | Reached XP level 3. HP: 27/28 MP: 3/3
   725 | D:2      | Reached skill level 1 in Dodging
   744 | D:2      | Learned a level 2 spell: Blink
   892 | D:2      | Reached XP level 4. HP: 26/35 MP: 4/4
   906 | D:2      | Noticed Sigmund
  1175 | D:2      | Killed Sigmund
  1176 | D:2      | Reached skill level 5 in Polearms
  1176 | D:2      | Reached skill level 1 in Spellcasting
  1176 | D:2      | Reached XP level 5. HP: 24/41 MP: 4/6
  1572 | D:2      | Noticed Terence
  1590 | D:2      | Killed Terence
  1591 | D:2      | Reached XP level 6. HP: 44/48 MP: 7/7
  2226 | D:3      | Noticed Robin
  2266 | D:3      | Killed Robin
  2729 | D:3      | Found Udy Rahu's Assorted Antiques.
  3019 | D:3      | Found Xabrumem's Assorted Antiques.
  3030 | D:3      | Found Vyulifuf's Jewellery Shop.
  3089 | D:3      | Found a faded altar of an unknown god.
  3215 | D:3      | Found Jeq Fier's Distillery.
  3589 | D:4      | Noticed a two-headed ogre
  3623 | D:4      | Noticed an orc warrior
  3673 | D:4      | Identified a scroll of acquirement
  3928 | D:4      | Your scales start taking on a pale cyan-grey colour.
  3928 | D:4      | Reached XP level 7. HP: 29/56 MP: 9/9
  3928 | D:4      | Gained mutation: You are immune to the effects of steam.
                  | [Pale Draconian growth]
  4460 | D:4      | Reached skill level 6 in Polearms
  4478 | D:4      | Found a sparkling altar of Nemelex Xobeh.
  4483 | D:4      | Became a worshipper of Nemelex Xobeh the Trickster
  4529 | D:4      | Reached skill level 1 in Invocations
  5037 | D:4      | Mangled by a two-headed ogre

Illustrated notes

Levels and vault maps discovered:
D:1:      onia_arrival_pyramid, layout_rooms, minivault_11, serial_bayou_lake_a
D:2:      kennysheep_the_goblin_king, layout_loops_ring,
          minmay_misc_feat_rugged, uniq_terence, uniq_sigmund
D:3:      minmay_general_purpose_star, layout_basic,
          chequers_ecumenical_altar_simple, serial_shops,
          nicolae_shop_window_shopping, shop, shop, shop, uniq_robin
D:4:      layout_cave_pods, nemelex_spade_bored_becter

Skill      XL: |  1  2  3  4  5  6  7 |
---------------+----------------------+-----
Fighting       | 1 2 3 |  3.4
Dodging        | 1 2 |  2.6
Polearms       | 5 6 |  6.2
Spellcasting   | 1 2 |  2.0
Translocations | 2 3 |  3.0
Evocations     | 2 3 |  3.7
Stealth        | 2 |  2.7
Invocations    | 1 |  1.2
Long Blades    | |  2.0
Throwing       | |  1.0

Action                   |  1- 3 |  4- 6 |  7- 9 || total
-------------------------+-------+-------+-------++-------
Melee: Spear             |    94 |   196 |    72 ||   362
       Tailslap          |     8 |    21 |     9 ||    38
       Dagger            |       |    14 |     2 ||    16
 Abil: Breathe Steam     |       |       |     1 ||     1
Evoke: Piece from Xom's  |     2 |    14 |     7 ||    23
  Use: Scroll            |       |     9 |     3 ||    12
 Stab: Sleeping          |     9 |     4 |       ||    13
       Petrified         |       |     5 |     2 ||     7
       Confused          |       |     1 |     3 ||     4
       Distracted        |       |     1 |       ||     1
Armor: Skin              |    20 |    24 |    18 ||    62
Dodge: Dodged            |    30 |    83 |    49 ||   162

Table legend: (Time is in decaauts)
 A = Elapsed time spent in this place.
 B = Non-inter-level travel time spent in this place.
 C = Inter-level travel time spent in this place.
 D = Time resting spent in this place.
 E = Time spent auto-exploring this place.
 F = Levels seen in this place.
 G = Mean time per level.
                   A        B        C        D        E       F      G
               +--------+--------+--------+--------+--------+-----+--------+
         Total |   5014 |   4782 |    232 |    560 |   3225 |   4 | 1253.5 |
       Dungeon |   5014 |   4782 |    232 |    560 |   3225 |   4 | 1253.5 |
               +--------+--------+--------+--------+--------+-----+--------+

Top non-repeatable levels by time:
     D:3: 1606 daAuts
     D:2: 1307 daAuts
     D:4: 1161 daAuts
     D:1: 939 daAuts
